 Dungeon Crawl Stone Soup version 0.26-a0-1129-gc5df7fbe6a (webtiles) character file.

Game seed: 14610672263338302220

70 Dracia the Sneak (level 4, 0/21 HPs)
             Began as a Vine Stalker Enchanter on Dec 18, 2020.
             Succumbed to a worker ant's poison
             ... on level 4 of the Dungeon.
             The game lasted 00:03:19 (2323 turns).

Dracia the Sneak (Vine Stalker Enchanter)           Turns: 2323, Time: 00:03:20

Health: 0/21       AC: 10    Str: 11    XL:     4   Next: 21%
Magic:  2/8        EV:  8    Int: 15    God:
Gold:   220        SH:  0    Dex: 15    Spells: 6/7 levels left

rFire    x . .     SeeInvis .   a - +1 dagger
rCold    + + .     Faith    .   (no shield)
rNeg     . . .     Spirit   +   f - +0 ice dragon scales
rPois    .         Reflect  .   (no helmet)
rElec    .         Harm     .   (no cloak)
rCorr    .         Rampage  .   (no gloves)
Will     .....                  c - +0 pair of boots
Stlth    ++........             (no amulet)
HPRegen  0.47/turn              (no ring)
MPRegen  0.11/turn              (no ring)

@: lethally poisoned (0 -> -7), hasted, very quick
A: fangs 2, regeneration 1, magic shield, antimagic bite, no potion heal 3
a: no special abilities


You were on level 4 of the Dungeon.
You visited 1 branch of the dungeon, and saw 4 of its levels.

You collected 220 gold pieces.


Innate Abilities, Weirdness & Mutations

You have extremely sharp teeth.
Your natural rate of healing is unusually fast.
When hurt, damage is shared between your health and your magic reserves.
Your bite disrupts and absorbs the magic of your enemies.
Potions cannot restore your health.


   Skills:
 - Level 1.8 Short Blades
 - Level 1.5 Dodging
 * Level 5.8 Stealth
 - Level 2.1 Spellcasting
 - Level 3.0 Hexes


You had 6 spell levels left.
You knew the following spells:

 Your Spells              Type           Power        Failure   Level
z - Corona                Hex            11%          52%         1

Your spell library contained the following spells:

 Spells                   Type           Power        Failure   Level
 Ensorcelled Hibernation  Hex/Ice        12%          86%         2
 Confusing Touch          Hex            10%          87%         3
 Tukima's Dance           Hex            10%          87%         3
 Dazzling Flash           Conj/Hex       12%          97%         3

Inventory:

Hand Weapons
 a - a +1 dagger (weapon)
Missiles
 j - 37 poisoned darts
 n - 4 atropa-tipped darts
Armour
 b - a +0 robe
 c - a +0 pair of boots (worn)
 f - +0 ice dragon scales (worn)
Wands
 r - a wand of iceblast (11)
Scrolls
 d - 5 scrolls of identify {unknown}
 e - 3 scrolls of remove curse {unknown}
 g - a scroll of enchant weapon {unknown}
 l - 4 scrolls of teleportation {unknown}
 m - a scroll of magic mapping {unknown}
 o - a scroll of immolation {unknown}
Potions
 h - a potion of curing {unknown}
 i - a potion of invisibility {unknown}
 k - a potion of haste {@q3@q3}
 p - 2 potions of berserk rage {unknown}
 q - a potion of degeneration {unknown}

Dungeon Overview and Level Annotations

Branches:
Dungeon (4/15)             Temple (0/1) D:4

Altars:

Annotations:
D:4 1 transporter

#... ##.###.#. ## ##....
####..##.... ...##....#
#........... #.#.....##
##.≈≈≈≈≈≈≈≈≈≈
#......$.###..≈≈≈≈≈≈≈≈≈≈
#........?....≈≈#####...
#.............≈≈#.#.#.##
##.............≈≈#...###.
......B.@)##...≈≈###.....
##.............≈≈.8#.#
#(.....####...≈≈.##
##..#### ###.≈≈.#. #..
.≈≈.## ... ≈≈. ###


You could see a worker ant.


Message History

You bite the worker ant, but do no damage.
The worker ant is lightly wounded.
The worker ant bites you.
* * * LOW HITPOINT WARNING * * *
You are more poisoned.
The worker ant poisons you!
You hit the worker ant.
The worker ant is moderately wounded.
You feel sick.
The worker ant bites you but does no damage.
You completely miss the worker ant. Your bite misses the worker ant.
The worker ant is moderately wounded.
You feel sick. The worker ant closely misses you.
You closely miss the worker ant. Your bite misses the worker ant.
The worker ant is moderately wounded.
You feel sick. The worker ant barely misses you.
Unknown command.
You hit the worker ant but do no damage.
You bite the worker ant, but do no damage.
The worker ant is moderately wounded.
You feel sick. The worker ant bites you.
* * * LOW HITPOINT WARNING * * *
You are more poisoned.
The worker ant poisons you!
It was a potion of haste.
You feel yourself speed up.
* * * LOW HITPOINT WARNING * * *
You feel sick.
The worker ant bites you but does no damage. x2
Unknown command.
You die...

Skill      XL: |  1  2  3 |
---------------+----------+-----
Short Blades   | 1 |  1.8
Stealth        | 4 5 |  5.8
Dodging        | |  1.5
Spellcasting   | |  2.1
Hexes          | |  3.0

Action                   |  1- 3 |  4- 6 || total
-------------------------+-------+-------++-------
Melee: Dagger            |   137 |    32 ||   169
       Bite              |    27 |     8 ||    35
  Use: Potion            |       |     1 ||     1
 Stab: Sleeping          |     1 |       ||     1
Armor: Robe              |     3 |       ||     3
       Ice dragon scales |    52 |    11 ||    63
Dodge: Dodged            |    57 |     9 ||    66

Levels and vault maps discovered:
D:1:      kilobyte_arrival_exit_the_forest, layout_loops_corners, serial_forest,
          infiniplex_forest_lined_ring, infiniplex_forest_straight_2,
          infiniplex_forest_lined_corner, infiniplex_forest_straight_4,
          infiniplex_forest_clump_tiny, infiniplex_forest_straight_2
D:2:      layout_basic, chequers_ecumenical_altar_simple_redux
D:3:      layout_rooms, grunt_ministairs_3, uniq_terence
D:4:      layout_loops_ring, lemuel_crystal_altar,
          minmay_temple_entry_large_hall, gammafunk_ghost_gnarly_gnolls

Notes
Turn   | Place    | Note
-------+----------+-------------------------------------------
     0 | D:1      | Dracia the Vine Stalker Enchanter began the quest for the
                  | Orb.
     0 | D:1      | Reached XP level 1. HP: 9/9 MP: 4/4
    66 | D:1      | Reached skill level 1 in Short Blades
   320 | D:1      | Reached XP level 2. HP: 10/13 MP: 4/6
   873 | D:1      | Reached skill level 4 in Stealth
  1083 | D:2      | Found a faded altar of an unknown god.
  1109 | D:2      | Reached XP level 3. HP: 16/16 MP: 7/7
  1658 | D:3      | Noticed Terence
  1704 | D:3      | Killed Terence
  1705 | D:3      | Reached skill level 5 in Stealth
  1705 | D:3      | Gained mutation: Your natural rate of healing is unusually
                  | fast. [Vine Stalker growth]
  1705 | D:3      | Reached XP level 4. HP: 12/21 MP: 8/8
  2156 | D:4      | Found a staircase to the Ecumenical Temple.
  2184 | D:4      | Found a transporter.
  2293 | D:4      | Identified the +6 halberd of Echa {chaos, MP+9}
  2321 | D:4      | HP: 1/21 [worker ant (3)]
  2323 | D:4      | Succumbed to a worker ant's poison

Vanquished Creatures
  Terence (D:3)
  An adder (D:2)
  A worm (D:4)
  2 leopard geckos
  4 bats
  4 giant cockroaches
  4 goblins
  2 hobgoblins (D:2)
  2 quokkas
  4 frilled lizards
  4 kobolds
  2 rats
31 creatures vanquished.

Vanquished Creatures (others)
  2 plants (D:4)
2 creatures vanquished.

Grand Total: 33 creatures vanquished

Table legend: (Time is in decaauts)
 A = Elapsed time spent in this place.
 B = Non-inter-level travel time spent in this place.
 C = Inter-level travel time spent in this place.
 D = Time resting spent in this place.
 E = Time spent auto-exploring this place.
 F = Levels seen in this place.
 G = Mean time per level.
                   A        B        C        D        E       F      G
               +--------+--------+--------+--------+--------+-----+--------+
         Total |   2318 |   2263 |     55 |     93 |   1842 |   4 |  579.5 |
       Dungeon |   2318 |   2263 |     55 |     93 |   1842 |   4 |  579.5 |
               +--------+--------+--------+--------+--------+-----+--------+

Top non-repeatable levels by time:
     D:1: 1090 daAuts
     D:2: 534 daAuts
     D:3: 501 daAuts
     D:4: 192 daAuts

Table legend:
 A = Non-vault XP
 B = Vault XP
 C = Vault XP percentage of total XP
 D = Non-vault monster count
 E = Vault monster count
 F = Vault count percentage of total count
                 A         B        C        D         E       F
            +---------+---------+-------+---------+---------+-------
      Total |      61 |      39 |  39.0 |      28 |       3 |   9.7
            +---------+---------+-------+---------+---------+-------
        D:1 |      21 |       0 |   0.0 |      14 |       0 |   0.0
        D:2 |      26 |       0 |   0.0 |       9 |       0 |   0.0
        D:3 |       7 |      39 |  84.8 |       3 |       3 |  50.0
        D:4 |       7 |       0 |   0.0 |       2 |       0 |   0.0
            +---------+---------+-------+---------+---------+-------
